 Dungeon Crawl Stone Soup version 0.32-a0-913-g739538afd8 (webtiles) character file.

Game seed: 2653704292448615478

60 BenSoosneb the Sneak (level 3, -10/16 HPs)
             Began as a Spriggan Enchanter on Apr 8, 2024.
             Killed by divine providence
             ... invoked by an orc priest
              (14 damage)
             ... on level 2 of the Dungeon.
             The game lasted 00:12:55 (2102 turns).

BenSoosneb the Sneak (Spriggan Enchanter)           Turns: 2102, Time: 00:12:56

Health: -10/16     AC:  3    Str:  4    XL:     3   Next: 80%
Magic:  6/8        EV: 17    Int: 18    God:
Gold:   31         SH:  0    Dex: 15    Spells: 2/7 levels left

rFire   . . .        a - +2 dagger (speed)
rCold   . . .        (no shield)
rNeg    . . .        e - +0 robe
rPois   .            (helmet restricted)
rElec   .            j - +0 cloak
rCorr   .            (gloves unavailable)
SInv    +            (boots unavailable)
Will    .....        (no amulet)
Stlth   +++          (no ring)
HPRegen 0.22/turn    (no ring)
MPRegen 0.11/turn

%: no passive effects
@: very slightly contaminated, very quick
A: very small, no large weapons, unfitting armour, see invisible, speed 3
a: Convert to Beogh


You were on level 2 of the Dungeon.
You visited 1 branch of the dungeon, and saw 2 of its levels.

You collected 31 gold pieces.

Inventory:

Hand Weapons
 a - a +2 dagger of speed (weapon)
 b - a +0 dagger of freezing
 i - a +1 dagger
Missiles
 l - 2 atropa-tipped darts (quivered)
Armour
 e - a +0 robe (worn)
 j - a +0 cloak (worn)
Scrolls
 d - 4 scrolls of identify {unknown}
 f - a scroll of teleportation {unknown}
 g - a scroll of vulnerability {unknown}
 k - a scroll of enchant armour {unknown}
Potions
 c - 2 potions of invisibility
 h - a potion of heal wounds {unknown}
 m - a potion of curing {unknown}
 n - a potion of enlightenment {unknown}


   Skills:
 + Level 2.1 Short Blades
 + Level 3.6 Dodging
 + Level 5.2 Stealth
 - Level 2.7 Spellcasting
 + Level 4.3 Hexes


You had 2 spell levels left.
You knew the following spells:

 Your Spells              Type           Power      Damage    Failure   Level
a - Ensorcelled Hibernat  Hex/Ice        20%        N/A       11%         2
b - Confusing Touch       Hex            18%        N/A       9%          3

Your spell library contained the following spells:

 Spells                   Type           Power      Damage    Failure   Level
 Sigil of Binding         Hex            18%        N/A       9%          3
 Tukima's Dance           Hex            18%        N/A       9%          3
 Dazzling Flash           Conj/Hex       20%        N/A       21%         3
 Call Canine Familiar     Summ           2%         N/A       45%         3
 Dimensional Bullseye     Hex/Tloc       5%         N/A       56%         4


Dungeon Overview and Level Annotations

Branches:
Dungeon (2/15)

Altars:
Qazlal

Annotations:
D:2 Jessica


Innate Abilities, Weirdness & Mutations

You are very small and have problems with some larger weapons.
You are too small for most types of armour.
You have supernaturally acute eyesight. (SInv)
You cover ground extremely quickly. (Speed+++)


Message History

An adder comes into view.
The helpless adder fails to defend itself.
You impale the adder!!
You kill the adder!
m - a smoky brown potion
Found 10 gold pieces.
You see here a +0 spear of flaming.
You now have 21 gold pieces (gained 3).
You now have 31 gold pieces (gained 10).
There is an open door here.
n - a green potion An orc and an orc priest come into view.
The orc priest shouts!
An orc comes into view. It is wielding a +0 hand axe.
What are your orders? t - Shout!
Orders for allies: a - Attack new target. r - Retreat! s - Stop attacking. g - Guard the area. f - Follow me.
Anything else - Cancel.
Okay, then.
The orc priest shouts!
Casting: Ensorcelled Hibernation (safe; 11% risk of failure)
Confirm with . or Enter, or press ? or * to list all spells.
Aiming: Ensorcelled Hibernation (safe; 11% risk of failure)
Press: ? - help, Shift-Dir - straight line, f - orc priest
Aim: an orc priest, wielding a +0 flail (chance to affect: 44%)
You miscast Ensorcelled Hibernation.
You are very lightly contaminated with residual magic.
Nothing appears to happen.
The orc priest invokes the aid of Beogh against you.
Beogh smites you!
Ouch! That really hurt!
* * * LOW HITPOINT WARNING * * *
The orc priest threatens, "Beogh's wrath is as vast as their mercy.
Make your choice!" (press Y on the ability menu to convert to Beogh)
The orc priest invokes the aid of Beogh against you.
Beogh smites you!
Ouch! That really hurt!
You die...

#.#........# #.#.##..#
#.#..ß...ß..##.#...>##
$..........$#.#.####
#.........o⌠#...#
......... #.###
#..ß...ß. #.#
#....o.o. ##.#
#.#########..#
#oo.@.......#########
############.........
#......... #.........
#......... #.........
##########


You could see an orc priest and an orc.

Vanquished Creatures
  2 adders (D:2)
  3 dart slugs
  A ribbon worm (D:2)
  2 endoplasms
  4 giant cockroaches
  2 hobgoblins (D:2)
  4 kobolds
  A ball python (D:1)
  3 bats (D:2)
  2 frilled lizards (D:1)
  5 goblins
  6 rats
35 creatures vanquished.

Notes
Turn   | Place    | Note
-------+----------+-------------------------------------------
     0 | D:1      | BenSoosneb the Spriggan Enchanter began the quest for the
                  | Orb.
     0 | D:1      | Reached XP level 1. HP: 9/9 MP: 5/5
   234 | D:1      | Reached XP level 2. HP: 10/13 MP: 6/6
   303 | D:1      | Learned a level 2 spell: Ensorcelled Hibernation
  1177 | D:2      | Found a stormy altar of Qazlal.
  1201 | D:2      | Reached skill level 5 in Stealth
  1201 | D:2      | Reached XP level 3. HP: 16/16 MP: 8/8
  1473 | D:2      | Noticed Jessica
  1551 | D:1      | Learned a level 3 spell: Confusing Touch
  2102 | D:2      | Killed from afar by an orc priest

Illustrated notes

Levels and vault maps discovered:
D:1:      psy_arrival_conway, layout_rooms
D:2:      cheibrodos_pilgrimage, layout_basic, basic_altar, uniq_jessica

Skill      XL: |  1  2  3 |
---------------+----------+-----
Dodging        | 3 |  3.6
Hexes          | 4 |  4.3
Stealth        | 5 |  5.2
Short Blades   | 2 |  2.1
Spellcasting   | |  2.7

Action                     || total
---------------------------++-------
  Melee: Dagger            ||    92
  Throw: Stone             ||     5
   Cast: Ensorcelled Hiber ||    30
   Stab: Sleeping          ||    22
 Armour: Robe              ||    28
  Dodge: Dodged            ||    69

Table legend: (Time is in decaauts)
 A = Elapsed time spent in this place.
 B = Non-inter-level travel time spent in this place.
 C = Inter-level travel time spent in this place.
 D = Time resting spent in this place.
 E = Time spent auto-exploring this place.
 F = Levels seen in this place.
 G = Mean time per level.
                   A        B        C        D        E       F      G
               +--------+--------+--------+--------+--------+-----+--------+
         Total |   1679 |   1655 |     24 |    759 |    360 |   2 |  839.5 |
       Dungeon |   1679 |   1655 |     24 |    759 |    360 |   2 |  839.5 |
               +--------+--------+--------+--------+--------+-----+--------+

Top non-repeatable levels by time:
     D:1: 1011 daAuts
     D:2: 668 daAuts
